Map: Jagannatha LE

Players

SKillous

  • Race: Protoss Protoss
  • League: Master
  • Spawn Location: 7:00

Namshar - Winner!

  • Race: Zerg Zerg
  • League: Master
  • Spawn Location: 1:00

Event: Cheeseadelphia Winter Championship 2021

VOD

Have the link to the VOD?

Description

Time

  • Played on: Jan. 23, 2021, 4 p.m.
  • Length: 9:26

All games in this series

Show
View Real Time Build Order
Export as new Build Order

SKillous Protoss 

Build Orders: 1 Gate Expand 

Get SALT Encoding   

  12  0:00  Probe  
  13  0:14  Pylon  
  13  0:18  Probe (Chrono Boost)  
  14  0:27  Probe (Chrono Boost)  
  15  0:32  Probe (Chrono Boost)  
  16  0:44  Gateway, Probe  
  17  0:54  Pylon  
  18  0:57  Probe  
  18  1:00  Assimilator  
  18  1:09  Probe  
  19  1:21  Probe  
  20  1:27  Pylon  
  20  1:32  Cybernetics Core  
  20  1:41  Nexus  
  20  1:49  Pylon  
  20  1:54  Probe  
  20  1:59  Assimilator  
  20  2:05  Adept (Chrono Boost)  
  20  2:06  Probe  
  23  2:17  Gateway  
  23  2:20  Probe  
  24  2:29  Adept (Chrono Boost)  
  24  2:34  Probe  
  27  2:43  Stargate  
  27  2:48  Probe (Chrono Boost)  
  28  2:55  Probe (Chrono Boost)  
  29  3:02  Adept  
  29  3:04  Probe (Chrono Boost)  
  32  3:06  Warp Gate  
  32  3:10  Probe (Chrono Boost)  
  32  3:12  Probe (Chrono Boost)  
  35  3:22  Void Ray (Chrono Boost)  
  35  3:23  Probe (Chrono Boost)  
  35  3:24  Probe (Chrono Boost)  
  36  3:28  Probe (Chrono Boost)  
  36  3:33  Probe  
  42  3:44  Probe  
  42  3:45  Probe  
  40  3:49  Gateway  
  40  3:56  Pylon, Probe  
  40  3:57  Probe  
  40  4:02  Oracle (Chrono Boost)  
  42  4:08  Probe  
  46  4:10  Assimilator  
  46  4:13  Assimilator  
  46  4:16  Pylon, Probe (Chrono Boost)  
  47  4:20  Probe (Chrono Boost), Stargate  
  48  4:30  Probe (Chrono Boost)  
  50  4:31  Void Ray (Chrono Boost), Probe (Chrono Boost)  
  50  4:35  Probe (Chrono Boost)  
  50  4:38  Probe  
  56  4:48  Probe  
  56  4:50  Probe  
  58  4:54  Nexus  
  58  4:58  Pylon  
  58  5:00  Probe  
  58  5:04  Pylon  
  58  5:06  Probe  
  60  5:13  Void Ray (Chrono Boost)  
  60  5:14  Probe, Void Ray (Chrono Boost)  
  69  5:22  Probe  
  69  5:26  Probe  
  71  5:29  Robotics Facility  
  71  5:32  Pylon  
  71  5:34  Probe  
  72  5:38  Void Ray  
  72  5:46  Probe x2  
  72  5:47  Shield Battery  
  78  5:52  Assimilator, Void Ray  
  78  5:55  Assimilator  
  78  5:58  Probe x2  
  84  6:08  Probe  
  84  6:10  Probe  
  84  6:11  Probe  
  87  6:20  Probe  
  87  6:22  Probe  
  87  6:23  Probe  
  87  6:24  Robotics Bay, Gateway  
  87  6:25  Pylon, Observer  
  91  6:31  Pylon  
  91  6:32  Probe  
  92  6:34  Probe  
  92  6:35  Probe  
  94  6:42  Gateway  
  94  6:45  Gateway  
  94  6:46  Shield Battery  
  94  6:47  Sentry x2  
  94  6:48  Shield Battery, Gateway  
  94  6:49  Pylon  
  98  6:59  Shield Battery  
  98  7:00  Forge  
  98  7:01  Pylon  
  98  7:08  Colossus (Chrono Boost)  
  102  7:16  Zealot x2  
  102  7:21  Adept  
  90  7:37  Sentry x2  
  90  7:40  Sentry  
  90  7:41  Sentry, Adept  
  99  7:48  Probe x2  
  99  7:49  Zealot  
  101  7:53  Colossus (Chrono Boost)  
  101  7:59  Probe  
  101  8:00  Probe  
  101  8:01  Zealot x2  
  101  8:02  Zealot, Void Ray  
  101  8:05  Zealot x4  
  102  8:06  Zealot  
  102  8:09  Void Ray  
  102  8:10  Pylon  
  102  8:11  Pylon  
  110  8:15  Zealot  
  106  8:23  Probe x2  
  106  8:24  Probe  
  106  8:26  Zealot x2  
  106  8:27  Zealot x3  
  80  8:36  Colossus (Chrono Boost)  
  72  8:41  Stalker  
  72  8:43  Probe  
  72  8:44  Probe  
  72  8:48  Pylon  
  71  8:55  Probe  
  71  8:58  Stalker x4  
Show
View Real Time Build Order
Export as new Build Order

Namshar Zerg - Winner!

Build Orders: Pool First 

Get SALT Encoding   

  12  0:00  Drone  
  13  0:12  Overlord  
  13  0:16  Drone  
  14  0:30  Drone x2  
  16  0:41  Drone  
  17  0:44  Spawning Pool  
  17  0:48  Drone  
  17  0:58  Drone  
  18  1:29  Hatchery  
  18  1:31  Queen  
  18  1:32  Zergling x4  
  21  1:34  Zergling x2  
  21  1:39  Extractor  
  21  1:45  Overlord  
  21  1:56  Drone  
  22  2:06  Drone  
  22  2:07  Queen  
  25  2:15  Drone  
  26  2:27  Drone  
  26  2:42  Drone  
  26  2:43  Drone x4  
  31  2:53  Metabolic Boost  
  31  2:55  Zergling x4  
  32  3:13  Queen  
  32  3:14  Overlord  
  34  3:27  Drone x4  
  36  3:35  Drone x6  
  39  3:44  Drone  
  38  3:50  Hatchery  
  38  3:54  Drone x2  
  39  3:56  Drone  
  39  3:59  Drone  
  41  4:05  Drone x2  
  43  4:10  Lair  
  43  4:12  Overlord  
  43  4:14  Overlord  
  43  4:16  Drone  
  44  4:21  Extractor  
  44  4:23  Extractor  
  42  4:27  Drone  
  42  4:28  Drone  
  42  4:30  Spore Crawler  
  42  4:31  Spore Crawler, Drone x2  
  43  4:33  Drone  
  43  4:34  Drone  
  43  4:37  Drone  
  43  4:38  Drone  
  48  4:43  Zergling x4  
  49  4:48  Overlord  
  49  4:55  Drone x4  
  53  5:01  Overlord  
  53  5:02  Overlord  
  53  5:09  Hydralisk Den, Drone  
  53  5:10  Spore Crawler  
  53  5:14  Drone x4  
  54  5:15  Drone  
  57  5:23  Drone x2  
  59  5:31  Drone x4  
  59  5:32  Drone x2  
  59  5:35  Extractor  
  64  5:36  Extractor  
  64  5:42  Muscular Augments  
  63  5:43  Drone  
  63  5:44  Overlord  
  63  5:56  Overlord  
  63  5:58  Hydralisk x6  
  75  6:08  Drone x2  
  75  6:09  Overlord  
  77  6:11  Hydralisk x2  
  77  6:12  Hydralisk  
  82  6:18  Hydralisk x2  
  82  6:21  Overlord x2  
  82  6:24  Hydralisk  
  88  6:26  Hydralisk  
  88  6:30  Hydralisk  
  92  6:33  Overlord x2  
  92  6:36  Hydralisk  
  92  6:38  Zergling x4  
  96  6:42  Extractor  
  96  6:46  Hydralisk x3  
  101  6:50  Hydralisk  
  101  6:51  Hydralisk  
  101  6:53  Grooved Spines  
  105  6:58  Hydralisk x2  
  105  6:59  Zergling x4  
  111  7:06  Zergling x12  
  118  7:10  Zergling x6  
  119  7:17  Hydralisk x3  
  122  7:28  Hydralisk x4  
  130  7:30  Hydralisk  
  130  7:33  Zergling x2, Hydralisk  
  130  7:34  Zergling x2  
  133  7:39  Hydralisk x2  
  135  7:54  Hydralisk  
  135  7:55  Hydralisk  
  128  8:06  Hydralisk x5  
  134  8:15  Hydralisk  
  134  8:16  Hydralisk x2  
  136  8:25  Hydralisk  
  136  8:26  Zergling x14  
  135  8:32  Hydralisk  
  121  8:39  Hydralisk x2  
  117  8:41  Hydralisk  
  111  8:55  Hatchery  
  111  8:57  Hydralisk x4  
  111  9:01  Hydralisk  
  118  9:08  Infestation Pit  
  111  9:10  Extractor, Evolution Chamber  
Tags
 
Add a new tag
Caveats
  • Supply blocks, unpowered buildings, or Contaminate may cause inaccurate times.
  • Supply counts are checked every 10 seconds.